[Event "*** Titled Tuesday Blitz"]
[Site "Chess.com"]
[Date "2019.09.03"]
[Round "2"]
[White "TreabharMakernes"]
[Black "RU_B9"]
[Result "1-0"]
[WhiteElo "2359"]
[BlackElo "1710"]
[TimeControl "180+2"]
[EndTime "15:22:00 PDT"]
[Termination "TreabharMakernes won on time"]

1. e4 c5 2. Nf3 g6 3. d4 cxd4 4.
Nxd4 Bg7 5. c4 Nc6 6. Be3 Nf6 7. Nc3 O-O 8. Be2 d6 9. O-O Bd7 10. Rc1 a5 11. b3 Nxd4 12. Bxd4 Bc6 13. Qd3 Nd7 14. Nd5 Nc5 15. Qe3 Bxd4 16. Qxd4 e5 17.
Qe3 Ne6 18. Rfd1 Bxd5 19. Rxd5 Qc7 20. Bg4 f5 21. exf5 gxf5 22. Bh3 Rad8 23. Qh6 Qf7 24. Rcd1 Nd4 25. Rxd6 Rxd6 26. Qxd6 1-0

[Event "*** Titled Tuesday Blitz"]
[Site "Chess.com"]
[Date "2019.09.03"]
[Round "2"]
[White "Orest_Vovk"]
[Black "yiy1156"]
[Result "1-0"]
[WhiteElo "2215"]
[BlackElo "2557"]
[TimeControl "180+2"]
[EndTime "15:22:07 PDT"]
[Termination "Orest_Vovk won by resignation"]

1. d4 Nf6 2. Bf4 d5 3. e3 c5 4. Nf3 Nc6 5. c3 Qb6 6. Qb3 c4 7. Qxb6 axb6 8. Na3 Ra5 9. Bc7 e6 10. Bxb6 Ra6 11. Bc5 Bxc5 12. dxc5 Ne4 13. Nb5 Ke7 14. Be2 Nxc5 15. O-O Rb6 16. a4 Nxa4 17. Rxa4 Rxb5 18. b4 Bd7 19. Nd4 Rb6 20. Nxc6+ Bxc6 21. Ra7 Ra6 22.
Rxa6 bxa6 23. e4 Ra8 24. exd5 exd5 25. Ra1 Kd6 26. f4 Bb5 27. Bf3 Re8 28. Rd1 Bc6 29. Kf2 Kc7 30. Bxd5 Rd8 31. Bf3 Rxd1 32. Bxd1 Kb6 33. Be2 Bd5 34. g3 a5 35. bxa5+ Kxa5 36. Ke3 Kb5 37. Kd4 Be6 38. Bf3 f6 39. Bd5 Bxd5 40.
Kxd5 f5 41. h4 h5 42. Kd4 g6 43. Kd5 Kb6 44. Kxc4 Kc6 45. Kd4 Kd6 46. c4 1-0

[Event "*** Titled Tuesday Blitz"]
[Site "Chess.com"]
[Date "2019.09.03"]
[Round "2"]
[White "tteshan"]
[Black "MasterKroket"]
[Result "0-1"]
[WhiteElo "2183"]
[BlackElo "2431"]
[TimeControl "180+2"]
[EndTime "15:22:08 PDT"]
[Termination "MasterKroket won by resignation"]

1. e4 c5 2. Nf3 e6 3. d4 cxd4 4. Nxd4 Nc6 5. Nc3 Qc7 6. Be3 a6 7. Nb3 Nf6 8. Bd3 b5 9. f4 b4 10. Na4 Rb8 11. O-O d6 12. Qe2 Be7 13. g4 O-O 14. g5 Nd7 15. f5 Bd8 16. fxe6 fxe6 17. Rxf8+ Nxf8 18. Rf1 Ne5 19. Qf2 Be7 20. Bd4 Nfg6 21.
h4 Bd7 22. h5 Rf8 23. Qg3 Rxf1+ 24. Kxf1 Bxa4 25. hxg6 Nxg6 26. Nc5 e5 27. Bc4+ Kh8 28. Qf3 dxc5 29. Qf7 Qd8 30. Be3 Bb5 31. Bxb5 axb5 32.
Ke2 Nf4+ 33. Bxf4 exf4 34. g6 hxg6 35. Qxg6 Bf6 36. e5 f3+ 37. Kxf3 Qd5+ 38. Kg4 Qxe5 0-1

[Event "*** Titled Tuesday Blitz"]
[Site "Chess.com"]
[Date "2019.09.03"]
[Round "2"]
[White "icychess54"]
[Black "nOcHeaTiNgKiD"]
[Result "0-1"]
[WhiteElo "2222"]
[BlackElo "2464"]
[TimeControl "180+2"]
[EndTime "15:22:10 PDT"]
[Termination "nOcHeaTiNgKiD won by resignation"]

1. c4 b6 2. Nf3 Bb7 3. e3 g6 4.
Nc3 Bg7 5. d4 Nf6 6. Be2 O-O 7.
O-O d5 8. b3 e6 9. Bb2 Nbd7 10.
Rc1 a6 11. Qc2 Rc8 12. Rfd1 Qe7 13. cxd5 exd5 14. a4 Rfd8 15. Bd3 c6 16. a5 c5 17. axb6 c4 18. bxc4 dxc4 19. Be2 Nxb6 20. Na4 Be4 21.
Nxb6 Bxc2 22. Nxc8 Rxc8 23. Rxc2 Qb4 24. Rdc1 Ne4 25. Bc3 Qa4 26. Be1 Nd6 27. Nd2 Bf8 28. Nxc4 Nxc4 29. Bxc4 Kg7 30. d5 Ba3 31. Bc3+ Kh6 32.
g4 Bxc1 0-1

[Event "*** Titled Tuesday Blitz"]
[Site "Chess.com"]
[Date "2019.09.03"]
[Round "2"]
[White "Kildepiotr"]
[Black "INLOVEWITHF"]
[Result "0-1"]
[WhiteElo "2448"]
[BlackElo "2275"]
[TimeControl "180+2"]
[EndTime "15:22:12 PDT"]
[Termination "INLOVEWITHF won by resignation"]

1. Nf3 Nf6 2. g3 g6 3. Bg2 Bg7 4. O-O O-O 5. d4 d6 6. Nbd2 c5 7. dxc5 dxc5 8. e4 Nc6 9. c3 b6 10. Qe2 Bb7 11. Rd1 Qc7 12. Nf1 Nd7 13. Bf4 e5 14. Bg5 f6 15. Bh3 Rad8 16. Bd2 Ndb8 17. Ne3 Ne7 18. Nc2 Qc6 19. Re1 Ba6 20. c4 b5 21. Na3 b4 22. Nb5 Qb6 23. a3 b3 24. Bc3 Bb7 25. a4 a6 26. a5 Qc6 27.
Na3 f5 28. Nxe5 Qxe4 29. Qxe4 Bxe4 30. Bg2 Bxg2 31. Kxg2 Nec6 32. Nb1 Nxe5 33. Bxe5 Rfe8 34. f4 Nc6 35. Nc3 Rd2+ 36. Kh3 Bxe5 37. fxe5 Rxe5 38. Na4 Rxe1 39. Rxe1 Nd4 40. Re3 g5 41. Nxc5 g4+ 42.
Kh4 Nf3+ 0-1

[Event "*** Titled Tuesday Blitz"]
[Site "Chess.com"]
[Date "2019.09.03"]
[Round "2"]
[White "Iyael"]
[Black "fmshawnrl123"]
[Result "0-1"]
[WhiteElo "2044"]
[BlackElo "2673"]
[TimeControl "180+2"]
[EndTime "15:22:15 PDT"]
[Termination "fmshawnrl123 won by resignation"]

1. e4 c6 2. d4 d5 3. Nc3 dxe4 4. Nxe4 Nf6 5. Nxf6+ exf6 6. c3 Bd6 7. Bd3 O-O 8. Qc2 Re8+ 9. Ne2 h5 10. Be3 Nd7 11.
O-O-O Nf8 12. h3 h4 13. Rdg1 Be6 14. c4 b5 15. c5 Bc7 16. Kb1 Ng6 17. g3 hxg3 18. Nxg3 Bxg3 19. Rxg3 Qd5 20. Rhg1 Qxa2+ 21. Kc1 f5 22. Bxf5 Bxf5 23. Qxf5 Re6 24. h4 Qa1+ 25. Kc2 Qa4+ 26. Kb1 Rf6 27. Qe4 Re6 28. Qd3 Kf8 29. h5 Ne7 30. Rxg7 Rd8 31. Qh7 Ke8 32. Rxf7 Qb3 33.
Rgg7 Qd1+ 34. Bc1 Qe1 35. Qh8+ Kd7 36. Rf8 Qe4+ 37. Ka1 Rxf8 38. Qxf8 Qxd4 39. Qb8 Qxg7 0-1

[Event "*** Titled Tuesday Blitz"]
[Site "Chess.com"]
[Date "2019.09.03"]
[Round "2"]
[White "12teen"]
[Black "Witik"]
[Result "1-0"]
[WhiteElo "2775"]
[BlackElo "2544"]
[TimeControl "180+2"]
[EndTime "15:22:19 PDT"]
[Termination "12teen won by resignation"]

1. g3 e5 2. Bg2 d5 3. d3 Nf6 4.
Nc3 d4 5. Ne4 Nxe4 6. Bxe4 Bd6 7. c4 O-O 8. Bg2 c5 9. a3 Nc6 10. Nf3 h6 11. O-O a5 12. e3 Bf5 13. exd4 cxd4 14.
Re1 Re8 15. b3 Qd7 16. Bb2 Rab8 17. Rc1 Bh7 18. c5 Bc7 19. Qd2 Qf5 20. Red1 Qe6 21. Rc4 Ne7 22. Re1 Qf6 23. b4 axb4 24. axb4 b6 25.
cxb6 Bd6 26. Rc5 Rxb6 27. Nxe5 Bxc5 28. bxc5 Re6 29. Bxd4 Nf5 30. Bc3 Rxe5 31. Rxe5 Rxe5 32. f4 Qc6 33. Bxc6 1-0

[Event "*** Titled Tuesday Blitz"]
[Site "Chess.com"]
[Date "2019.09.03"]
[Round "2"]
[White "Snegokhod"]
[Black "przemekpiotrowski"]
[Result "0-1"]
[WhiteElo "2558"]
[BlackElo "2356"]
[TimeControl "180+2"]
[EndTime "15:22:19 PDT"]
[Termination "przemekpiotrowski won by resignation"]

1. g3 g6 2. Bg2 Bg7 3. Nf3 c5 4. O-O Nc6 5. c3 Nf6 6. d4 cxd4 7. cxd4 d5 8. Nc3 Ne4 9. Bf4 O-O 10. Rc1 Bf5 11. Qb3 Nxc3 12. Qxc3 Qb6 13. Rfd1 Rac8 14. Qd2 Be4 15. e3 Nb4 16. a3 Nd3 17. Rxc8 Rxc8 18.
b4 Qa6 19. Ra1 Nxf4 20. gxf4 Rc2 21. Qe1 Qd3 22. Ng5 Bxg2 23. Kxg2 Re2 24. Qc1 Rc2 25. Qf1 Qxe3 26. Nf3 Bxd4 27. Nxd4 Qxd4 28. Rd1 Qxf4 29. Qe1 Qg4+ 30. Kh1 Qf3+ 31. Kg1 Rc4 32. Rd2 Rg4+ 33.
Kf1 Qh1+ 34. Ke2 Re4+ 0-1

[Event "*** Titled Tuesday Blitz"]
[Site "Chess.com"]
[Date "2019.09.03"]
[Round "2"]
[White "Arystanner"]
[Black "HKBurwell"]
[Result "1-0"]
[WhiteElo "2689"]
[BlackElo "2338"]
[TimeControl "180+2"]
[EndTime "15:22:26 PDT"]
[Termination "Arystanner won by resignation"]

1. e4 e5 2. Nf3 Nf6 3. Nxe5 d6 4.
Nf3 Nxe4 5. d4 d5 6. Bd3 Nc6 7. O-O Be7 8. c4 Nb4 9. cxd5 Nxd3 10. Qxd3 Qxd5 11. Re1 Bf5 12. Nc3 Nxc3 13. Qxc3 Be6 14. Re5 Qd8 15. Bg5 Bxg5 16. Nxg5 O-O 17. Nxe6 fxe6 18. Rxe6 Qh4 19. g3 Qh3 20. Re2 Qd7 21. Rae1 Rf7 22. Qb3 Rf8 23. Re7 Qf5 24. Rxf7 Qxf7 25.
Re7 Qxb3 26. axb3 Rf7 27. Re8+ Rf8 28. Rxf8+ Kxf8 29. f4 Ke7 30. Kf2 Kd6 31. Ke3 Kd5 32.
g4 a5 33. h4 b5 34. h5 c5 35.
dxc5 Kxc5 36. Ke4 a4 37. bxa4 bxa4 38. f5 h6 39. g5 Kd6 40. f6 Ke6 41. fxg7 Kf7 42.
gxh6 Kg8 43. Kd4 1-0

[Event "*** Titled Tuesday Blitz"]
[Site "Chess.com"]
[Date "2019.09.03"]
[Round "2"]
[White "MarcoRiehle"]
[Black "aa175"]
[Result "1-0"]
[WhiteElo "2703"]
[BlackElo "2272"]
[TimeControl "180+2"]
[EndTime "15:22:32 PDT"]
[Termination "MarcoRiehle won by resignation"]

1. e4 d5 2. exd5 Qxd5 3. Nc3 Qd8 4. d4 Nf6 5. Bc4 a6 6. Nf3 b5 7. Bb3 c5 8. dxc5 Qxd1+ 9. Nxd1 e6 10. O-O Bxc5 11.
Be3 Bxe3 12. Nxe3 Bb7 13. Rad1 Nbd7 14. a4 Ke7 15. Nd4 bxa4 16. Bxa4 Rhc8 17. b4 Nb6 18.
Bb3 Ne4 19. c4 a5 20. c5 Nd7 21. Rc1 Ba6 22. b5 Bxb5 23. Nxb5 Ndxc5 24. Bc4 Nd2 25. Rfd1 Nxc4 26. Rxc4 Rab8 27. Nd6 Rc6 28. Ne4 Rbc8 29.
Rdc1 Nxe4 30. Rxc6 Rd8 31. Ra6 Nd2 32. Rxa5 Nb3 33.
Ra7+ Kf6 34. Rcc7 Kg6 35. h4 Nd4 36. Rxf7 Ne2+ 37. Kh2 Rd2 38. Rxg7+ Kf6 39. Raf7+ Ke5 40. Nc4+ 1-0

[Event "*** Titled Tuesday Blitz"]
[Site "Chess.com"]
[Date "2019.09.03"]
[Round "2"]
[White "MFBerna"]
[Black "FranciscodelaF"]
[Result "0-1"]
[WhiteElo "2480"]
[BlackElo "2277"]
[TimeControl "180+2"]
[EndTime "15:22:33 PDT"]
[Termination "FranciscodelaF won on time"]

1. e4 d5 2. exd5 Nf6 3. d4 Bg4 4. Qd3 Qxd5 5. Nc3 Qd7 6. Bf4 Nc6 7. Nb5 Nd5 8. Bg3 a6 9. Nc3 Ndb4 10. Qd2 Qxd4 11.
Bxc7 Rc8 12. Bg3 Rd8 13. Bd3 Nxd3+ 14. cxd3 Qxd3 15. Qxd3 Rxd3 16. Nge2 e6 17. f3 Bf5 18.
O-O Bc5+ 19. Kh1 Ke7 20. Rfd1 Rhd8 21. Bh4+ f6 22. Rxd3 Bxd3 23. Re1 Bb4 24. Kg1 Bxe2 25. Rxe2 Bxc3 26. bxc3 b5 27. Bg3 e5 28. f4 Ke6 29.
fxe5 fxe5 30. a4 Rd5 31. axb5 axb5 32. Ra2 Rc5 33. Be1 Ne7 34. Ra6+ Rc6 35. Ra7 g6 36.
Rb7 Rc5 37. Bh4 Nd5 38. Rxh7 Nxc3 0-1

[Event "*** Titled Tuesday Blitz"]
[Site "Chess.com"]
[Date "2019.09.03"]
[Round "2"]
[White "NemtsevIgor"]
[Black "IMRosen"]
[Result "0-1"]
[WhiteElo "2329"]
[BlackElo "2607"]
[TimeControl "180+2"]
[EndTime "15:22:35 PDT"]
[Termination "IMRosen won by resignation"]

1. d4 Nf6 2. Bg5 d5 3. Bxf6 gxf6 4. e3 c5 5. Nf3 Nc6 6. dxc5 e6 7. c4 dxc4 8. Qxd8+ Kxd8 9. Bxc4 Bxc5 10. Nc3 a6 11.
O-O-O+ Ke7 12. Nd4 Nxd4 13. exd4 Bd6 14. d5 b5 15. Bb3 e5 16. Kb1 Bf5+ 17. Ka1 b4 18. Na4 Rab8 19. f3 Rhc8 20. Rc1 Bd7 21. Rxc8 Bxc8 22.
Rc1 Bd7 23. Nc5 Rc8 24. Nd3 Rxc1+ 25. Nxc1 f5 26. Ne2 Bb5 27. Ng3 Bd3 28. Bd1 f4 29. Ne4 f5 30. Nd2 e4 31. fxe4 fxe4 32. Bg4 Be5 33. Nb3 Kd6 34. Nc1 Bc4 35. Kb1 Bxd5 36. Kc2 e3 37. b3 Bxg2 38. Nd3 Be4 39. Be2 a5 40. Kd1 f3 0-1

[Event "*** Titled Tuesday Blitz"]
[Site "Chess.com"]
[Date "2019.09.03"]
[Round "2"]
[White "dawnrule"]
[Black "plumalka"]
[Result "1-0"]
[WhiteElo "2402"]
[BlackElo "2053"]
[TimeControl "180+2"]
[EndTime "15:22:35 PDT"]
[Termination "dawnrule won by resignation"]

1. d4 Nf6 2. Nf3 d6 3. Bf4 Nbd7 4. Nbd2 g6 5. h3 Bg7 6. e3 O-O 7. Bh2 Re8 8. Be2 e5 9. O-O c6 10. c4 e4 11. Ne1 d5 12. Rc1 Qe7 13. cxd5 Nxd5 14.
Nc4 f5 15. Qb3 N7b6 16. Nd6 Rf8 17. a4 Be6 18. a5 Nc8 19. Qxb7 Qxb7 20. Nxb7 Nce7 21.
Nc2 f4 22. Bc4 f3 23. Nc5 Bf5 24. g4 Bc8 25. Nb4 h5 26. Nxc6 Kh7 27. Nxe7 Nxe7 28. Bd6 Bf6 29. Nxe4 Kg7 30. g5 Bxg5 31. Nxg5 Rf5 32.
Bxe7 Bd7 33. e4 Rf4 34. Bd5 Re8 35. Bd6 Rh4 36. Rc7 Kh6 37. Nf7+ Kg7 38. Rxd7 1-0

[Event "*** Titled Tuesday Blitz"]
[Site "Chess.com"]
[Date "2019.09.03"]
[Round "2"]
[White "DishonorOnYourCow"]
[Black "Rakesh"]
[Result "1-0"]
[WhiteElo "2214"]
[BlackElo "2419"]
[TimeControl "180+2"]
[EndTime "15:22:43 PDT"]
[Termination "DishonorOnYourCow won by resignation"]

1. d4 c5 2. d5 e5 3. e4 d6 4. Bb5+ Nd7 5. a4 a6 6. Bd3 g6 7. Nf3 Bg7 8. Nc3 Ne7 9. h4 O-O 10. h5 Nf6 11. h6 Bh8 12. Bg5 Rb8 13. Nd2 Bd7 14. Qf3 Ng4 15. Qg3 f6 16. Be3 f5 17.
Bg5 f4 18. Qh4 Bf6 19. Nc4 Nxd5 20. Bxf6 Ndxf6 21. Nxd6 Be6 22. Nf5 c4 23. Be2 gxf5 24.
Qg5+ Kf7 25. exf5 Bxf5 26. Qxf5 Qc8 27. Qxc8 Rbxc8 28. Rd1 e4 29. Rh4 Rg8 30. Bxg4 Rxg4 31. Rxg4 Nxg4 32. Rd7+ Kg6 33. Nxe4 Re8 34. f3 Ne3 35.
Rxb7 Nxc2+ 36. Kd2 Nd4 37. Rb6+ Kf5 38. Nd6+ 1-0

[Event "*** Titled Tuesday Blitz"]
[Site "Chess.com"]
[Date "2019.09.03"]
[Round "2"]
[White "Mikhail_Golubev"]
[Black "Svet99"]
[Result "0-1"]
[WhiteElo "2402"]
[BlackElo "2142"]
[TimeControl "180+2"]
[EndTime "15:22:46 PDT"]
[Termination "Svet99 won on time"]

1. e4 c6 2. d4 d5 3. Nc3 dxe4 4. Nxe4 Bf5 5. Ng3 Bg6 6. Nh3 Nd7 7. Nf4 e5 8. dxe5 Qa5+ 9. c3 Qxe5+ 10. Be2 Bc5 11. O-O Ne7 12. Re1 Qc7 13. Ngh5 O-O 14.
Nxg6 Nxg6 15. Bg4 Nde5 16. Bf5 Rad8 17. Qb3 Qb6 18. Qc2 Nc4 19. Bg5 Rde8 20. b4 Bd6 21. Qd3 Qb5 22. a4 Qd5 23. Qh3 Re5 24. Bxg6 hxg6 25.
Ng3 Rxg5 26. Rad1 Bxg3 0-1

[Event "*** Titled Tuesday Blitz"]
[Site "Chess.com"]
[Date "2019.09.03"]
[Round "2"]
[White "jcibarra"]
[Black "DenishevM"]
[Result "1-0"]
[WhiteElo "2813"]
[BlackElo "2556"]
[TimeControl "180+2"]
[EndTime "15:22:47 PDT"]
[Termination "jcibarra won by resignation"]

1. Nf3 Nf6 2. g3 c5 3. Bg2 Nc6 4. O-O g6 5. b3 Bg7 6. Bb2 O-O 7. c4 d5 8. cxd5 Qxd5 9. Ne5 Qd6 10. Nxc6 bxc6 11.
Na3 Be6 12. Rc1 Bd5 13. Qc2 Rfd8 14. e4 Bxe4 15. Bxe4 Nxe4 16. Bxg7 Ng5 17. f4 Nh3+ 18.
Kg2 Qe6 19. Bc3 Qe2+ 20. Kxh3 Rd5 21. f5 g5 22. Rce1 g4+ 23. Kh4 Qxh2+ 24. Kxg4 h5+ 25. Kf3 Qh3 26. Ke2 Qg4+ 27. Rf3 e5 28. Kf2 Re8 29. Qe4 Qg5 30. Nc4 h4 31. gxh4 1-0

[Event "*** Titled Tuesday Blitz"]
[Site "Chess.com"]
[Date "2019.09.03"]
[Round "2"]
[White "FedaMaster"]
[Black "VladDobrov"]
[Result "0-1"]
[WhiteElo "2592"]
[BlackElo "2881"]
[TimeControl "180+2"]
[EndTime "15:22:48 PDT"]
[Termination "VladDobrov won by checkmate"]

1. e4 c5 2. Nf3 Nc6 3. d4 cxd4 4. Nxd4 Qb6 5. Nb3 Nf6 6. Nc3 e6 7. Bd3 h5 8. a3 a6 9. Qe2 Qc7 10. Bd2 b5 11. O-O-O Be7 12. f4 d6 13. Rhe1 b4 14.
axb4 Nxb4 15. e5 dxe5 16. fxe5 Nd7 17. Be4 Rb8 18. Bf4 g5 19. Be3 Nxe5 20. Bd4 Bf6 21.
Rf1 Bg7 22. Kb1 f5 23. Bf3 g4 24. Bd5 exd5 25. Rfe1 Nc6 26. Nxd5 Qf7 27. Bc5 Be6 28. Bd6 Rxb3 29. Bxe5 Bxe5 30. Nf4 Rxb2+ 31. Kc1 Rb1+ 32.
Kxb1 Qb7+ 33. Kc1 Qb2+ 34. Kd2 Bxf4+ 35. Kd3 Nb4# 0-1

[Event "*** Titled Tuesday Blitz"]
[Site "Chess.com"]
[Date "2019.09.03"]
[Round "2"]
[White "Gentlejimmy7"]
[Black "VladimirBelous"]
[Result "0-1"]
[WhiteElo "2516"]
[BlackElo "2727"]
[TimeControl "180+2"]
[EndTime "15:22:48 PDT"]
[Termination "VladimirBelous won by checkmate"]

1. d4 c5 2. dxc5 g6 3. Nf3 Bg7 4. g3 Na6 5. c6 bxc6 6. Bg2 Nf6 7. O-O O-O 8. c4 Nc5 9. Nc3 Ba6 10. b3 Nfe4 11. Nxe4 Nxe4 12. Be3 Bxa1 13. Qxa1 f6 14. Rd1 Nd6 15. h4 Nf5 16. Bc5 d6 17. e4 Ng7 18. e5 fxe5 19. Nxe5 Qc7 20. Bd4 c5 21. Bc3 Bb7 22. Ng4 Nf5 23. Rd5 e5 24. Rxd6 Bxg2 25. Bxe5 Qb7 26. Qb1 Qe4 27. Qxe4 Bxe4 28.
Nf6+ Rxf6 29. Rxf6 Rd8 30. f3 Bxf3 31. Ra6 Rd2 32. Rxa7 Rg2+ 33. Kf1 Ne3+ 34. Ke1 Re2# 0-1

[Event "*** Titled Tuesday Blitz"]
[Site "Chess.com"]
[Date "2019.09.03"]
[Round "2"]
[White "mortngabriel"]
[Black "Ginzburg_Yakov"]
[Result "1/2-1/2"]
[WhiteElo "2318"]
[BlackElo "2531"]
[TimeControl "180+2"]
[EndTime "15:22:52 PDT"]
[Termination "Game drawn by repetition"]

1. e4 c6 2. d4 d5 3. Nc3 dxe4 4. Nxe4 Bf5 5. Ng3 Bg6 6. Nf3 Nd7 7. h4 h6 8. h5 Bh7 9. Bd3 Bxd3 10. Qxd3 e6 11.
Bd2 Qc7 12. O-O-O Ngf6 13. Ne4 O-O-O 14. Nxf6 Nxf6 15. Ne5 Bd6 16. Qe2 c5 17. Be3 Nd5 18. Nc4 Bf4 19. dxc5 Qxc5 20. Bxf4 Nxf4 21. Qe4 Nd5 22.
Ne5 Qxf2 23. Rdf1 Qe3+ 24. Qxe3 Nxe3 25. Nxf7 Nxf1 26. Nxd8 Ng3 27. Rh3 Nxh5 28. Nxe6 Re8 29. Rxh5 Rxe6 30. Kd2 Rg6 31. Rh2 Kd7 32. Ke3 Rb6 33.
b3 Ra6 34. a4 Rc6 35. g4 Ke6 36. Ke4 Rc3 37. Rd2 Rg3 38. Kf4 Rc3 39. Ke4 Rg3 40.
Kf4 Rc3 41. Ke4 1/2-1/2

[Event "*** Titled Tuesday Blitz"]
[Site "Chess.com"]
[Date "2019.09.03"]
[Round "2"]
[White "eCztery"]
[Black "DrMelekess"]
[Result "0-1"]
[WhiteElo "2200"]
[BlackElo "2695"]
[TimeControl "180+2"]
[EndTime "15:22:53 PDT"]
[Termination "DrMelekess won by resignation"]

1. e4 Nc6 2. d4 d5 3. exd5 Qxd5 4.
Nf3 Bg4 5. Be2 O-O-O 6. Be3 e5 7. dxe5 Qxd1+ 8. Bxd1 Nxe5 9. Nbd2 Nxf3+ 10. Bxf3 Bf5 11. O-O-O Nf6 12. Nc4 Be7 13. a4 a6 14. Na5 Be4 15. Bxe4 Nxe4 16. Rhe1 Bb4 17. Rxd8+ Rxd8 18. c3 Bxa5 19.
b4 Nxc3 20. bxa5 Re8 21. Kc2 Nd5 22. Bd2 Rxe1 23. Bxe1 Kd7 24. Bd2 Ke6 25. Kd3 h5 26.
f3 g6 27. g3 Nf6 28. h3 Nd7 29. Kd4 Ne5 30. Ke4 f5+ 31. Kf4 g5+ 32. Ke3 Nc4+ 33.
Kd3 Nxd2 34. Kxd2 Ke5 35. Kd3 Kd5 36. Kc3 b6 37. axb6 cxb6 38. Kd3 b5 39. axb5 axb5 40.
Kc3 f4 41. g4 h4 42. Kd3 b4 43.
Kc2 Kd4 44. Kb3 Ke3 45. Kxb4 Kxf3 46. Kc4 Kg2 47. Kd4 f3 48. Ke4 f2 49. Kf5 f1=Q+ 50. Kxg5 Kxh3 51. Kh5 Qf3 0-1

[Event "*** Titled Tuesday Blitz"]
[Site "Chess.com"]
[Date "2019.09.03"]
[Round "2"]
[White "adriangschnitzer"]
[Black "ace_mar"]
[Result "1-0"]
[WhiteElo "2547"]
[BlackElo "2317"]
[TimeControl "180+2"]
[EndTime "15:22:53 PDT"]
[Termination "adriangschnitzer won by checkmate"]

1. e4 e5 2. Nf3 Nc6 3. Bc4 Bc5 4. O-O Nf6 5. d4 Bxd4 6. Nxd4 Nxd4 7. f4 d6 8. fxe5 dxe5 9. Bg5 Qe7 10. Na3 Rg8 11.
Qe1 Be6 12. Qa5 h6 13. Bxf6 gxf6 14. c3 Bxc4 15. Nxc4 Nc6 16. Qd5 Rg6 17. Ne3 Rd8 18.
Qb5 Rd2 19. Rad1 Qd7 20. Qxb7 Nd8 21. Rxd2 Qxd2 22. Qxa7 Ne6 23. Qa8+ Ke7 24. Nd5+ Kd6 25. Qa3+ Kc6 26. Ne7+ Kd7 27. Nxg6 fxg6 28. Qa4+ Ke7 29. Qd1 Qe3+ 30. Kh1 Qxe4 31. Qf3 Qh4 32. Rd1 Qc4 33. Qd5 Qa4 34. b3 Qe8 35. a4 Nf4 36. Qc5+ Ke6 37. Qxc7 Qa8 38. Qd7# 1-0

[Event "*** Titled Tuesday Blitz"]
[Site "Chess.com"]
[Date "2019.09.03"]
[Round "2"]
[White "Alohamora11"]
[Black "ALEXJR20"]
[Result "1-0"]
[WhiteElo "2456"]
[BlackElo "2206"]
[TimeControl "180+2"]
[EndTime "15:22:53 PDT"]
[Termination "Alohamora11 won by checkmate"]

1. e4 c5 2. Nf3 d6 3. d4 cxd4 4.
Nxd4 Nf6 5. Nc3 a6 6. h3 e5 7. Nde2 b5 8. g4 Bb7 9. Bg2 b4 10. Nd5 Nxd5 11. exd5 Be7 12. Ng3 O-O 13. Be3 Bg5 14. Qd2 Bxe3 15. Qxe3 Nd7 16. O-O-O a5 17. Nf5 Ra6 18. h4 a4 19. h5 b3 20. axb3 axb3 21.
c3 Qa5 22. Qg5 Qa1+ 23. Kd2 Qxb2+ 24. Ke3 Qxc3+ 25. Rd3 Qc5+ 26. Kf3 e4+ 27. Kg3 g6 28. hxg6 fxg6 29. Rxh7 Ne5 30. Rg7+ Kh8 31. Qh6# 1-0

[Event "*** Titled Tuesday Blitz"]
[Site "Chess.com"]
[Date "2019.09.03"]
[Round "2"]
[White "GMsKoRPioN"]
[Black "TomPolgar"]
[Result "1-0"]
[WhiteElo "2561"]
[BlackElo "2302"]
[TimeControl "180+2"]
[EndTime "15:22:55 PDT"]
[Termination "GMsKoRPioN won on time"]

1. d4 Nf6 2. c4 e6 3. Nc3 Bb4 4. Qc2 O-O 5. a3 Bxc3+ 6. Qxc3 d5 7. Nf3 dxc4 8. Qxc4 b6 9. g3 Bb7 10. Bg2 Nbd7 11.
O-O c5 12. Bg5 h6 13. Bf4 Qe7 14. Rfd1 Rfd8 15. b4 cxd4 16. Qxd4 Nc5 17. Qb2 Nce4 18. Ne5 Rac8 19. f3 Nc3 20. Rxd8+ Qxd8 21. Nd3 Ncd5 22. Be5 Qe7 23. e4 Ne3 24. Bxf6 Qxf6 25. Qxf6 gxf6 26.
Rc1 Nxg2 27. Rxc8+ Bxc8 28. Kxg2 Kf8 29. Kf2 Ba6 30.
Nf4 Ke7 31. Ke3 Kd6 32. h4 Bc4 33. Nh5 Ke7 34. g4 Bb3 35. Ng3 Bc4 36. Kd4 Bb3 37. Nf1 Bd1 38. Nd2 Kd6 39. Nc4+ Ke7 40. Ke3 Bb3 41. Nd2 Bd1 42. Nb1 Bb3 43. Nc3 Bc2 44. Nb5 a6 45. Nd4 Kd6 46. Nxc2 1-0

[Event "*** Titled Tuesday Blitz"]
[Site "Chess.com"]
[Date "2019.09.03"]
[Round "2"]
[White "ecwinslow"]
[Black "tbalabayev"]
[Result "1-0"]
[WhiteElo "2037"]
[BlackElo "2368"]
[TimeControl "180+2"]
[EndTime "15:22:55 PDT"]
[Termination "ecwinslow won on time"]

1. d4 Nf6 2. c4 d6 3. Nc3 e5 4. Nf3 Nc6 5. dxe5 Nxe5 6. Nxe5 dxe5 7. Qxd8+ Kxd8 8. Bg5 c6 9. O-O-O+ Kc7 10. h3 Nd7 11. e3 f6 12. Bh4 a5 13. Be2 Nc5 14. f4 exf4 15. exf4 Bd6 16. Rhf1 Re8 17. f5 Be5 18. Rd2 Rd8 19. Rxd8 Kxd8 20. Kc2 Kc7 21. g4 h6 22. Bf2 Na6 23. a3 Bd7 24. c5 h5 25. Bf3 hxg4 26. hxg4 Rh8 27. Rh1 Rxh1 28. Bxh1 Be8 29. Be4 Bf7 30. Na4 Bd5 31.
Bxd5 cxd5 32. Kd3 Kc6 33. Bd4 Bxd4 34. Kxd4 Nc7 35. Nc3 Na6 36. Nxd5 Nxc5 37. Nf4 Kd6 38. Nh5 Nb3+ 39. Ke3 1-0

[Event "*** Titled Tuesday Blitz"]
[Site "Chess.com"]
[Date "2019.09.03"]
[Round "2"]
[White "HanSchut"]
[Black "boasovietica"]
[Result "0-1"]
[WhiteElo "2215"]
[BlackElo "2459"]
[TimeControl "180+2"]
[EndTime "15:23:00 PDT"]
[Termination "boasovietica won by resignation"]

1. e4 e5 2. Nf3 Nc6 3. Bc4 Bc5 4. b4 Bxb4 5. c3 Be7 6. d4 d6 7. Qb3 Na5 8. Bxf7+ Kf8 9. Qa4 Kxf7 10. Qxa5 b6 11.
Qa4 Bf6 12. O-O Bd7 13. Qc2 Ne7 14. Be3 Ng6 15. Nbd2 Rf8 16. a4 a5 17. Rad1 Qe7 18.
Nc4 Kg8 19. Nfd2 Rae8 20. f4 exf4 21. Bxf4 Nxf4 22. Rxf4 Bxd4+ 23. cxd4 Rxf4 24. Re1 Kh8 25. Ne3 c6 26. Nec4 Qf6 27. e5 dxe5 28. dxe5 Bf5 29. Qc1 Qd8 30. Nd6 Rf8 31. N2c4 Be6 32. g3 Rf2 33.
Qe3 b5 34. Nb7 Qc7 35. Ncd6 Ra2 36. Nc5 Bd5 37. Rf1 Rg2+ 38. Kh1 Rxg3+ 0-1

[Event "*** Titled Tuesday Blitz"]
[Site "Chess.com"]
[Date "2019.09.03"]
[Round "2"]
[White "51616516516"]
[Black "chessdjw"]
[Result "0-1"]
[WhiteElo "2169"]
[BlackElo "2692"]
[TimeControl "180+2"]
[EndTime "15:23:01 PDT"]
[Termination "chessdjw won by resignation"]

1. d4 Nf6 2. c4 g6 3. Nf3 Bg7 4. g3 O-O 5. Bg2 d6 6. O-O Nc6 7. Nc3 e5 8. d5 Nb8 9. e4 Nbd7 10.
Be3 a5 11. h3 Nc5 12. Qc2 Nfd7 13. b3 h6 14. a3 f5 15. Nh4 f4 16. Bxc5 Nxc5 17.
Nxg6 f3 18. Nxf8 fxg2 19. Kxg2 Qxf8 20. b4 Nd7 21. Nb5 Qd8 22. c5 dxc5 23. bxc5 Nf6 24. c6 bxc6 25. dxc6 Qe7 26. Rfd1 Kh7 27. f4 Nh5 28.
Qe2 Nxg3 29. Kxg3 exf4+ 30. Kg2 Bxa1 31. Rxa1 Qg7+ 32. Kh2 Qxa1 33. e5 Bf5 34. Qh5 Qb2+ 35. Kg1 Rg8+ 0-1

[Event "*** Titled Tuesday Blitz"]
[Site "Chess.com"]
[Date "2019.09.03"]
[Round "2"]
[White "Duhless"]
[Black "nubair1198"]
[Result "1-0"]
[WhiteElo "2984"]
[BlackElo "2650"]
[TimeControl "180+2"]
[EndTime "15:23:02 PDT"]
[Termination "Duhless won by resignation"]

1. Nf3 d5 2. d4 Nf6 3. c4 c6 4. Nc3 dxc4 5. e4 b5 6. Be2 e6 7. O-O Be7 8. b3 cxb3 9. axb3 O-O 10. e5 Nd5 11. Ne4 Nd7 12. Bg5 Bxg5 13. Nfxg5 c5 14.
dxc5 Nxc5 15. Bxb5 h6 16. Nxc5 Qxg5 17. Bc6 Rb8 18.
Bxd5 Rd8 19. Qc1 Rxd5 20. Rxa7 Qxe5 21. b4 Rxb4 22. Nd3 Rxd3 23. Qxc8+ Kh7 24. Rxf7 Rd2 25. Rf8 Rf4 26. Rh8+ Kg6 27. Qe8+ Rf7 28. Rf8 Rxf2 29. Rxf7 Rxf1+ 30. Rxf1+ Kh7 31. Qa4 Qe3+ 32. Kh1 Qe2 33.
Qd1 Qe4 34. Re1 Qf5 35. Qe2 h5 36. Qxe6 1-0